 Dungeon Crawl Stone Soup version 0.19-a0-1216-g363869b (webtiles) character file.

1153 4thArraOfDagon the Grappler (level 8, -7/74 HPs)
             Began as a Troll Fighter on Aug 23, 2016.
             Mangled by a spatial maelstrom (12 damage)
             ... on level 1 of the Abyss.
             The game lasted 00:04:57 (1176 turns).

4thArraOfDagon the Grappler (Troll Fighter)         Turns: 1176, Time: 00:04:58

Health: -7/74      AC:  5    Str: 25    XL:     8   Next: 16%
Magic:  7/7        EV:  9    Int:  6    God:
Gold:   132        SH:  9    Dex:  9    Spells: 0 memorised, 7 levels left

rFire  . . .     SeeInvis .       - Unarmed
rCold  . . .     Gourm    +     a - +0 robe
rNeg   . . .     Faith    .     b - +0 shield
rPois  .         Spirit   .     (helmet restricted)
rElec  .         Dismiss  .     (no cloak)
rCorr  .         Reflect  .     (gloves unavailable)
MR     .....     Harm     .     (boots unavailable)
Stlth  +.........               k - amulet of inaccuracy (curse)
                                (no ring)
                                (no ring)

@: no status effects
A: unfitting armour, claws 3, fast metabolism 3, gourmand, regeneration 1,
shaggy fur 1, tough skin 2
a: no special abilities


You were on level 1 of the Abyss.
You were not hungry.

You visited 1 branch of the dungeon, and saw 7 of its levels.
You visited the Abyss 2 times.

You collected 132 gold pieces.

Inventory:

Hand Weapons
 l - the +1 mace of Equivalence {distort, rN+ Dex+2 Stlth+}
   (You found it on level 7 of the Dungeon)

   It warps and distorts space around it.
   Unwielding it can cause banishment or high damage.
   It affects your dexterity (+2).
   It protects you from negative energy.
   It makes you more stealthy.
Armour
 a - a +0 robe (worn)
 b - a +0 shield (worn)
Jewellery
 k - a cursed amulet of inaccuracy (around neck)
Scrolls
 h - 2 scrolls of noise
Potions
 j - a potion of degeneration
Comestibles
 d - 3 bread rations
 f - 2 meat rations
 g - a slice of pizza


   Skills:
 - Level 2.4 Fighting
 - Level 3.3 Dodging
 + Level 4.7 Shields
 * Level 8.1 Unarmed Combat


You had 7 spell levels left.
You didn't know any spells.

Dungeon Overview and Level Annotations

Branches:
Dungeon (7/15)
 Temple: D:4-7

Altars:
Fedhas
Nemelex Xobeh
Uskayaw


Innate Abilities, Weirdness & Mutations

You are too large for most types of armour.
You have claws for hands.
Your metabolism is lightning-fast.
You like to eat raw meat.
Your natural rate of healing is unusually fast.
You are covered in fur. (AC +1)
You have very tough skin. (AC +2)


Message History

Unknown command.
Found 29 gold pieces.
Unknown command.
Unknown command.
Found a robe.
Unknown command.
Found 42 gold pieces.
Unknown command.
A spatial vortex, a chaos spawn and a spatial maelstrom come into view.
The chaos spawn roars!
Unknown command.
There is a gateway leading deeper into the Abyss here.
Unknown command.
Unknown command.
The spatial maelstrom hits you! Space bends around you.
* * * LOW HITPOINT WARNING * * *
The spatial maelstrom hits you!
* * * LOW HITPOINT WARNING * * *
Space warps horribly around you!
You die...

.....#...........#.#
................. ......
..............#.. .....
..............#..# ...#
..#.....##..........#...
.............#........ .
......###........#.... !
......v.#.......#......
#..@..#...........
.v..4.#..............
................#.. .
.....$#.#........ .
....#............. #..
..[#.......... .. ...#
....$... .... ........


You could see a spatial maelstrom, a spatial vortex and a chaos spawn.

Vanquished Creatures
  A giant orange brain (Abyss:2)
  Eustachio (D:5)
  An orc warrior (D:4)
  A sky beast (D:7)
  A howler monkey (D:6)
  A hound (D:7)
  A giant frog zombie (D:6)
  An orc priest (D:6)
  2 iguanas
  An orc wizard (D:4)
  A worker ant (D:6)
  6 adders
  An ooze (D:1)
  10 orcs
  2 giant cockroaches
  2 goblins
  2 hobgoblins (D:3)
  A quokka (D:3)
  A giant gecko zombie (D:7)
  A kobold (D:3)
  A quokka skeleton (D:4)
  3 rats
42 creatures vanquished.

Notes
Turn   | Place    | Note
-------+----------+-------------------------------------------
     0 | D:1      | 4thArraOfDagon the Troll Fighter began the quest for the Orb.
     0 | D:1      | Reached XP level 1. HP: 22/22 MP: 0/0
   203 | D:2      | Reached XP level 2. HP: 25/29 MP: 1/1
   376 | D:3      | Reached skill level 3 in Unarmed Combat
   376 | D:3      | Reached XP level 3. HP: 16/36 MP: 2/2
   427 | D:4      | Noticed an orc warrior
   438 | D:4      | Killed an orc warrior
   438 | D:4      | Reached skill level 4 in Unarmed Combat
   438 | D:4      | Reached XP level 4. HP: 17/44 MP: 3/3
   444 | D:4      | Reached XP level 5. HP: 12/50 MP: 4/4
   604 | D:5      | Entered Level 5 of the Dungeon
   655 | D:5      | Noticed Eustachio
   672 | D:5      | Killed Eustachio
   672 | D:5      | Reached skill level 5 in Unarmed Combat
   672 | D:5      | Reached XP level 6. HP: 13/59 MP: 5/5
   689 | D:5      | Found a blossoming altar of Fedhas.
   689 | D:5      | Found a hide-covered altar of Uskayaw.
   689 | D:5      | Found a sparkling altar of Nemelex Xobeh.
   867 | D:6      | Reached skill level 6 in Unarmed Combat
   917 | D:7      | Reached XP level 7. HP: 37/66 MP: 6/6
   986 | D:7      | Got a transparent mace
   987 | D:7      | Identified the cursed +1 mace of Equivalence {distort, rN+ Dex+2 Stlth+} (You found it on level 7 of the Dungeon)
  1042 | D:7      | Cast into level 2 of the Abyss (a distortion unwield)
  1087 | Abyss:2  | Noticed a giant orange brain
  1110 | Abyss:2  | Killed a giant orange brain
  1110 | Abyss:2  | Reached skill level 7 in Unarmed Combat
  1110 | Abyss:2  | Reached XP level 8. HP: 74/74 MP: 7/7
  1112 | D:7      | Escaped the Abyss
  1140 | D:7      | Reached skill level 8 in Unarmed Combat
  1145 | D:7      | Cast into level 1 of the Abyss (a distortion unwield)
  1165 | Abyss:1  | Noticed a large abomination
  1174 | Abyss:1  | Noticed a spatial maelstrom
  1176 | Abyss:1  | Mangled by a spatial maelstrom

Vault maps used:
D:1:      minmay_arrival_wavy_path, grunt_decor_mini_mirrors
D:2:      gammafunk_temple_overflow_wave
D:3:      first_bread, uniq_robin
D:4:      serial_forest, infiniplex_forest_clump_cross,
          infiniplex_forest_straight_3, infiniplex_forest_lined_3_way,
          infiniplex_forest_zigzag_1, infiniplex_forest_lined_room_,
          infiniplex_forest_clump_curved
D:5:      minitemple, hangedman_decor_riveting, nemelex_dance_club_becter,
          uniq_menkaure, uniq_eustachio
D:6:      basic_altar
D:7:      basic_altar, grunt_livestock, kennysheep_generic_room_8

Skill      XL: |  1  2  3  4  5  6  7  8 |
---------------+-------------------------+-----
Unarmed Combat | 3 4 5 6 7 8 |  8.1
Dodging        | 3 |  3.3
Shields        | 3 4 |  4.7
Fighting       | |  2.4

Action                   |  1- 3 |  4- 6 |  7- 9 || total
-------------------------+-------+-------+-------++-------
Melee: Unarmed           |    65 |    92 |    38 ||   195
  Use: Potion            |     2 |     1 |       ||     3
       Scroll            |       |     3 |     5 ||     8
  Eat: Chunk             |     1 |    11 |       ||    12
Armor: Robe              |    13 |    40 |     6 ||    59
Dodge: Dodged            |    17 |    61 |    10 ||    88
Block: Shield            |    24 |    52 |     8 ||    84
